 Dungeon Sprint DCSS version 0.22.1-1-ga44c0e56f4 (webtiles) character file.

2045 KleinerIrrer the Black Belt (level 9, -11/55 (56) HPs)
             Began as an Octopode Monk on Nov 2, 2018.
             Was a Believer of Wu Jian.
             Shot with an arrow by a centaur warrior (14 damage)
             ... in the Dungeon (Sprint III: "The Ten Rune Challenge").
             The game lasted 00:04:18 (965 turns).

KleinerIrrer the Black Belt (Octopode Monk)          Turns: 965, Time: 00:04:19

HP:   -11/55 (56)   AC:  1    Str: 10    XL:     9   Next: 24%
MP:   8/8           EV: 14    Int: 13    God:    Wu Jian [**....]
Gold: 44            SH:  0    Dex: 17    Spells: 8/8 levels left

rFire    . . .     SeeInvis .     - Unarmed
rCold    . . .     Gourm    .   (no shield)
rNeg     . . .     Faith    .   (helmet restricted)
rPois    .         Spirit   .   (no amulet)
rElec    +         Reflect  .   (no ring)
rCorr    .         Harm     .   (no ring)
MR       +....     Clarity  +   (no ring) Stlth +++.......NoTele +
                                (no ring)
HPRegen  0.18/turn              (no ring)
MPRegen  0.11/turn              (no ring)
                                (no ring)
                                (no ring)

@: no status effects
A: almost no armour, stealthy swim, amphibious, 8 rings, constrict 8, camouflage
1, clarity, low mp 1, magic resistance 1, electricity resistance, gelatinous
body 1, evolution 1
a: Wall Jump, Renounce Religion


You were in the Dungeon.
You worshipped Wu Jian.
Wu Jian was pleased with you.
You were not hungry.

You visited 1 branch You collected 44 gold pieces.

Inventory:

Wands
 l - a wand of flame (30)
Scrolls
 g - a scroll of blinking
 k - a scroll of torment {unknown}
 m - 3 scrolls of remove curse
 o - a scroll of holy word
Potions
 b - 3 potions of curing
 c - a potion of heal wounds
 d - a potion of haste
 e - 2 potions of magic
 h - a potion of might
 i - a potion of resistance
 j - 3 potions of mutation
 n - 3 potions of flight
Miscellaneous
 p - a phantom mirror
Comestibles
 a - 5 rations
 f - a chunk of flesh


   Skills:
 - Level 3.0 Fighting
 - Level 3.0 Dodging
 - Level 2.6 Stealth
 + Level 18.9 Unarmed Combat


You had 8 spell levels left.
You didn't know any spells.
Your spell library contained the following spells:

 Spells                   Type           Power        Failure   Level  Hunger
 Animate Skeleton         Necr           N/A          30%         1    ##.....
 Apportation              Tloc           #.....       30%         1    ##.....
 Confusing Touch          Hex            #.....       30%         1    ##.....
 Summon Small Mammal      Summ           #...         30%         1    ##.....


Dungeon Overview and Level Annotations

Branches:
Dungeon (1/1)

Altars:
Cheibriados
Dithmenos
Elyvilon
Fedhas
Gozag
Hepliaklqana
Kikubaaqudgha
Makhleb
Nemelex Xobeh
Okawaru
Qazlal
Ru
Sif Muna
Trog
Uskayaw
Vehumet
Wu Jian
Xom
Yredelemnul
Zin
The Shining One
Beogh
Jiyva
Lugonu


Innate Abilities, Weirdness & Mutations

You cannot wear most types of armour.
You are very stealthy in the water. (Stealth+)
You are amphibious.
You can wear up to eight rings at the same time.
You can use your tentacles to constrict eight enemies at once.
Your skin changes colour to match your surroundings (Stealth+).
Your rubbery body absorbs attacks. (AC +1, EV +1)
You possess an exceptional clarity of mind.
Your magical capacity is low. (-10% MP)
You are resistant to hostile enchantments. (MR+)
You are resistant to electric shocks. (rElec)
You evolve.


Message History

The Council accepts your kill.
You start resting.
You feel a genetic drift.
You feel insulated.
You start resting.
HP restored.
You have no room to wall jump there.
You open the door. 2 centaurs and a centaur warrior come into view.
The centaur shouts!
The centaur warrior shouts!
The centaur shouts!
The centaur wields a shortbow.
The centaur shoots an arrow.
The arrow hits you.
There is an open door here.
The centaur warrior wields a shortbow.
The centaur warrior shoots an arrow.
The arrow hits you!!
You see here an arrow.
The centaur warrior shoots an arrow.
The arrow hits you!!
* * * LOW HITPOINT WARNING * * *
You see here an arrow.
You have no room to wall jump there.
The centaur warrior shoots an arrow.
The arrow hits you!
You die...

########### ___#___#__#
)..#__.#†_# ##'#'###'##
..........# .⌠........#
...######'#
.⌠.#__#...#+#############
...#__#...#..§§§@.#.c...+
'###__#...#.#≈§§#.#.#...#
)).#__#...'.#§§§#.#(#cc.#
___#__'...#.#§)§#.c.#c..#
▓▓▓▓▓▓▓▓▓▓▓▓▓▓▓▓▓▓▓▓▓▓▓▓#


You could see a centaur warrior.

Vanquished Creatures
  Josephine (D)
  A deep elf mage (D)
  A shadow (D)
  A spatial vortex (D)
  A necrophage (D)
  An earth elemental (D)
  A water elemental (D)
  A jelly (D)
  A wizard (D)
  Jessica (D)
  A necromancer (D)
  3 humans (D)
  A kobold demonologist (D)
  A wolf (D)
  3 rats (D)
19 creatures vanquished.

Vanquished Creatures (others)
  2 draconian scorchers (D)
  6 hellions (D)
  A yaktaur (D)
9 creatures vanquished.

Grand Total: 28 creatures vanquished

Notes
Turn   | Place    | Note
-------+----------+-------------------------------------------
     0 | D        | KleinerIrrer the Octopode Monk began the quest for the Orb.
     0 | D        | Reached XP level 1. HP: 16/16 MP: 1/1
    14 | D        | Noticed Jessica
    20 | D        | Killed Jessica
    20 | D        | Reached skill level 6 in Unarmed Combat
    20 | D        | Reached XP level 2. HP: 19/21 MP: 2/2
    20 | D        | Reached XP level 3. HP: 24/26 MP: 3/3
    56 | D        | Reached skill level 7 in Unarmed Combat
    67 | D        | Killed a hellion
    67 | D        | Killed a hellion
    76 | D        | Killed a hellion
   104 | D        | Killed a yaktaur
   115 | D        | Killed a hellion
   117 | D        | Killed a hellion
   150 | D        | Reached skill level 8 in Unarmed Combat
   150 | D        | Reached XP level 4. HP: 17/31 MP: 4/4
   152 | D        | Killed a white draconian scorcher
   161 | D        | Killed a hellion
   176 | D        | Killed a white draconian scorcher
   297 | D        | Gained mutation: You possess an exceptional clarity of
                  | mind. [potion of mutation]
   297 | D        | Gained mutation: Your magical capacity is low. (-10% MP)
                  | [potion of mutation]
   297 | D        | Gained mutation: You evolve. [potion of mutation]
   297 | D        | Gained mutation: You are resistant to hostile enchantments.
                  | (MR+) [potion of mutation]
   310 | D        | Noticed a water elemental
   328 | D        | Killed a water elemental
   328 | D        | Reached skill level 9 in Unarmed Combat
   328 | D        | Reached XP level 5. HP: 27/36 MP: 4/4
   461 | D        | Found a glowing silver altar of Zin.
   462 | D        | Found a glowing golden altar of the Shining One.
   462 | D        | Found a white marble altar of Elyvilon.
   462 | D        | Noticed a deep elf mage
   467 | D        | Killed a deep elf mage
   467 | D        | Reached skill level 14 in Unarmed Combat
   467 | D        | Reached XP level 6. HP: 36/42 MP: 5/5
   467 | D        | Reached XP level 7. HP: 39/46 MP: 6/6
   517 | D        | Found a hide-covered altar of Uskayaw.
   517 | D        | Found a roughly hewn altar of Beogh.
   517 | D        | Found an iron altar of Okawaru.
   517 | D        | Found a bloodstained altar of Trog.
   517 | D        | Found an ornate altar of the Wu Jian Council.
   517 | D        | Noticed a human
   517 | D        | Noticed a human
   533 | D        | Killed a human
   533 | D        | Reached skill level 15 in Unarmed Combat
   561 | D        | Killed a human
   561 | D        | Reached skill level 16 in Unarmed Combat
   665 | D        | Found a basalt altar of Yredelemnul.
   665 | D        | Found a shadowy altar of Dithmenos.
   665 | D        | Found a sacrificial altar of Ru.
   667 | D        | Reached XP level 8. HP: 52/52 MP: 7/7
   693 | D        | Noticed a shadow
   698 | D        | Killed a shadow
   709 | D        | Found a blossoming altar of Fedhas.
   709 | D        | Found a stormy altar of Qazlal.
   709 | D        | Found a snail-covered altar of Cheibriados.
   709 | D        | Found a burning altar of Makhleb.
   709 | D        | Found a shimmering altar of Xom.
   710 | D        | Found a hazy altar of Hepliaklqana.
   710 | D        | Found an opulent altar of Gozag.
   710 | D        | Found a sparkling altar of Nemelex Xobeh.
   710 | D        | Found a corrupted altar of Lugonu.
   710 | D        | Found a viscous altar of Jiyva.
   721 | D        | Reached skill level 17 in Unarmed Combat
   743 | D        | Found a radiant altar of Vehumet.
   744 | D        | Found a deep blue altar of Sif Muna.
   744 | D        | Found an ancient bone altar of Kikubaaqudgha.
   787 | D        | Became a worshipper of the Wu Jian Council
   787 | D        | Reached * piety under Wu Jian
   787 | D        | Reached ** piety under Wu Jian
   802 | D        | Noticed Josephine
   809 | D        | Killed Josephine
   809 | D        | Reached skill level 18 in Unarmed Combat
   809 | D        | Reached XP level 9. HP: 42/55 MP: 8/8
   915 | D        | Gained mutation: You are resistant to electric shocks.
                  | (rElec) [evolution]
   959 | D        | Noticed a centaur warrior
   965 | D        | Shot with an arrow by a centaur warrior

Skill      XL: |  1  2  3  4  5  6  7  8 |
---------------+-------------------------+-----
Unarmed Combat | 6 8 9 14 16 18 | 18.9
Fighting       | |  3.0
Dodging        | |  3.0
Stealth        | |  2.6

Action                   |  1- 3 |  4- 6 |  7- 9 || total
-------------------------+-------+-------+-------++-------
Melee: Unarmed           |    22 |    10 |    45 ||    77
       Constrict         |     3 |     1 |     5 ||     9
       Tentacles         |     4 |     3 |    10 ||    17
       Punch             |     1 |     1 |     7 ||     9
Invok: Lunge             |       |       |     1 ||     1
  Use: Scroll            |       |     3 |       ||     3
       Potion            |       |     2 |       ||     2
 Stab: Sleeping          |     1 |       |     5 ||     6
Armor: Skin              |     1 |       |     1 ||     2
Dodge: Dodged            |    10 |     5 |     8 ||    23
